 Dungeon Crawl Stone Soup version 0.22-a0-429-g97ce8ef (webtiles) character file.

1901 sscrono2 the Covert (level 9, 0/62 HPs)
             Began as an Octopode Assassin on May 26, 2018.
             Was a Follower of Ru.
             Slain by a killer bee (9 damage)
             ... on level 7 of the Dungeon.
             The game lasted 00:12:43 (7231 turns).

sscrono2 the Covert (Octopode Assassin)             Turns: 7231, Time: 00:12:44

Health: 0/62       AC:  1    Str: 11      XL:     9   Next: 15%
Magic:  9/9        EV: 13    Int: 16      God:    Ru [*.....]
Gold:   4          SH:  0    Dex: 12 (13) Spells: 3/8 levels left

rFire    . . .     SeeInvis .   a - +2 dagger
rCold    . . .     Gourm    .   (no shield)
rNeg     + . .     Faith    .   (helmet restricted)
rPois    +         Spirit   .   (no amulet)
rElec    .         Reflect  .   q - ring of positive energy
rCorr    .         Harm     .   r - ring of poison resistance
MR       .....                  (no ring)
Stlth    ++++++....             (no ring)
HPRegen  0.20/turn              (no ring)
MPRegen  0.11/turn              (no ring)
                                (no ring)
                                (no ring)

@: lethally poisoned (0 -> -4), no scrolls
A: almost no armour, stealthy swim, amphibious, 8 rings, constrict 8, camouflage
1, gelatinous body 1, inability to read while threatened
a: Renounce Religion


You were on level 7 of the Dungeon.
You worshipped Ru.
Ru was aware of your devotion.
You were not hungry.

You visited 2 branches of the dungeon, and saw 10 of its levels.

You collected 325 gold pieces.
You spent 321 gold pieces at shops.

Inventory:

Hand Weapons
 a - a +2 dagger (weapon)
 b - a +0 blowgun
Missiles
 c - 12 poisoned needles
 d - a curare-tipped needle
 z - a throwing net (quivered)
Jewellery
 q - a ring of positive energy (left tentacle)
 r - a ring of poison resistance (right tentacle)
Wands
 s - a wand of paralysis (7)
 B - a wand of iceblast (8)
Scrolls
 e - 2 scrolls of enchant armour
 h - a scroll of silence
 j - 3 scrolls of remove curse
 l - 2 scrolls of amnesia
 o - 3 scrolls of blinking
 t - 2 scrolls of magic mapping
 u - 3 scrolls of teleportation
 v - 2 scrolls of fear
 A - a scroll of immolation
 C - 4 scrolls of fog
 E - a scroll of enchant weapon
Potions
 g - 2 potions of berserk rage
 i - a potion of magic {unknown}
 k - a potion of resistance {unknown}
 m - a potion of haste {unknown}
 n - 3 potions of curing
 p - 2 potions of invisibility {unknown}
 w - 2 potions of brilliance {unknown}
 D - 2 potions of lignification {unknown}
Comestibles
 f - 17 rations


   Skills:
 + Level 6.0 Fighting
 + Level 6.5 Short Blades
 - Level 2.6 Throwing
 - Level 2.4 Dodging
 + Level 11.5 Stealth


You had 3 spell levels left.
You knew the following spells:

 Your Spells              Type           Power        Failure   Level  Hunger
a - Lee's Rapid Deconstr  Erth           #.........   100%        5    ######.

Your spell library contained the following spells:

 Spells                   Type           Power        Failure   Level  Hunger
 Fireball                 Conj/Fire      #.........   100%        5    ######.
 Conjure Flame            Conj/Fire      #.......     58%         3    ####...
 Throw Flame              Conj/Fire      #.....       36%         2    ###....
 Sticky Flame             Conj/Fire      #.......     94%         4    #####..
 Stone Arrow              Conj/Erth      #.....       58%         3    ####...
 Flame Tongue             Conj/Fire      #....        26%         1    ##.....
 Passwall                 Tmut/Erth      #.......     36%         2    ###....
 Sandblast                Erth           #.....       26%         1    ##.....
 Petrify                  Tmut/Erth      #.......     94%         4    #####..
 Inner Flame              Hex/Fire       #.......     58%         3    ####...


Dungeon Overview and Level Annotations

Branches:
Dungeon (9/15)             Temple (1/1) D:4            Lair (0/6) D:9
    Orc: D:9-12

Altars:
Ashenzari
Cheibriados
Dithmenos
Fedhas
Gozag
Makhleb
Nemelex Xobeh
Okawaru
Qazlal
Ru
Trog
Vehumet
Wu Jian
Xom
Yredelemnul
Zin
The Shining One

Shops:
D:5 =?:


Innate Abilities, Weirdness & Mutations

You cannot wear most types of armour.
You are very stealthy in the water. (Stealth+)
You are amphibious.
You can wear up to eight rings at the same time.
You can use your tentacles to constrict eight enemies at once.
Your skin changes colour to match your surroundings (Stealth+).
Your rubbery body absorbs attacks. (AC +1, EV +1)
You cannot read scrolls while threatened.


Message History

You kill the killer bee!
Your Fighting skill increases to level 6!
You hit the killer bee but do no damage.
You grab the killer bee. You squeeze the killer bee!
The killer bee is heavily wounded.
You constrict the killer bee. The killer bee stings you! x2
You are poisoned.
The killer bee poisons you!
You closely miss the killer bee. Your squeeze misses the killer bee.
The killer bee is heavily wounded.
You constrict the killer bee.
You feel sick. The killer bee closely misses you.
You closely miss the killer bee.
The killer bee is severely wounded.
You constrict the killer bee.
You feel sick. The killer bee stings you!
* * * LOW HITPOINT WARNING * * *
You hit the killer bee but do no damage.
The killer bee is severely wounded.
You constrict the killer bee. The killer bee closely misses you.
The killer bee stings you!
You die...

### ..# #.# # #.###.##.#
#......%.# #y# #y# #@# ####.#
##+## #....# ##...## #.####
#.....## #.# .......######.####
#
........##.......#########..#.#
.>......'......................
.......[##.#...#.#########...##


You could see 2 killer bees.

Vanquished Creatures
  Pikel (D:5)
  A black bear (D:6)
  3 ogres (D:4)
  3 centaurs
  2 killer bees (D:7)
  2 crimson imps (D:5)
  A quasit (D:6)
  2 orc priests
  A jelly (D:3)
  2 hounds (D:5)
  5 orc wizards
  A centaur skeleton (D:4)
  3 worker ants
  A killer bee zombie (D:9)
  A hound zombie (D:6)
  A worker ant zombie (D:5)
  3 gnolls (D:2)
  11 adders
  2 shadow imps
  An ooze (D:1)
  A worm (D:2)
  4 dart slugs
  4 leopard geckos
  17 orcs
  A ball python (D:3)
  4 giant cockroaches
  12 goblins
  13 hobgoblins
  8 jackals
  8 kobolds
  10 bats
  2 frilled lizards
  9 rats
140 creatures vanquished.

Notes
Turn   | Place    | Note
-------+----------+-------------------------------------------
     0 | D:1      | sscrono2 the Octopode Assassin began the quest for the Orb.
     0 | D:1      | Reached XP level 1. HP: 14/14 MP: 1/1
    54 | D:1      | Reached skill level 6 in Stealth
    54 | D:1      | Reached XP level 2. HP: 19/19 MP: 2/2
   193 | D:1      | Reached XP level 3. HP: 16/24 MP: 3/3
  1011 | D:2      | Reached XP level 4. HP: 16/29 MP: 4/4
  1014 | D:2      | Reached skill level 7 in Stealth
  1534 | D:2      | Reached XP level 5. HP: 18/34 MP: 5/5
  1691 | D:2      | Found a shattered altar of Ashenzari.
  2397 | D:3      | Found a glowing golden altar of the Shining One.
  2803 | D:3      | Found an ornate altar of the Wu Jian Council.
  2908 | D:3      | Reached skill level 8 in Stealth
  3059 | D:3      | Reached XP level 6. HP: 41/41 MP: 6/6
  3181 | D:3      | Found a basalt altar of Yredelemnul.
  3200 | D:4      | Found a blossoming altar of Fedhas.
  3235 | D:4      | Found a staircase to the Ecumenical Temple.
  3597 | Temple   | Entered the Ecumenical Temple
  3626 | Temple   | Became a worshipper of Ru the Awakened
  3743 | D:4      | Reached skill level 9 in Stealth
  3743 | D:4      | Reached XP level 7. HP: 9/46 MP: 7/7
  4531 | D:4      | Found an iron altar of Okawaru.
  4735 | D:5      | Entered Level 5 of the Dungeon
  4958 | D:5      | Noticed Pikel
  5306 | D:5      | Killed Pikel
  5306 | D:5      | Reached skill level 5 in Short Blades
  5306 | D:5      | Reached skill level 10 in Stealth
  5306 | D:5      | Reached XP level 8. HP: 52/54 MP: 8/8
  5415 | D:5      | Reached skill level 5 in Fighting
  5466 | D:5      | Found Couriy's Book Shop.
  5588 | D:5      | Found Xyarche's Magic Scroll Boutique.
  5597 | D:5      | Found Toph's Jewellery Boutique.
  5602 | D:5      | Bought a scroll of enchant weapon for 112 gold pieces
  5602 | D:5      | Bought a scroll of magic mapping for 52 gold pieces
  5602 | D:5      | Bought a scroll of teleportation for 45 gold pieces
  5617 | D:5      | Learned a level 5 spell: Lee's Rapid Deconstruction
  5642 | D:5      | Gained mutation: You cannot read scrolls while threatened. [Ru sacrifice]
  5642 | D:5      | Reached * piety under Ru
  5653 | D:5      | Reached skill level 11 in Stealth
  6157 | D:6      | Reached XP level 9. HP: 38/61 MP: 9/9
  6649 | D:6      | Found a basalt altar of Yredelemnul.
  6651 | D:6      | Found a shimmering altar of Xom.
  6651 | D:6      | Found a basalt altar of Yredelemnul.
  6653 | D:6      | Found a radiant altar of Vehumet.
  6653 | D:6      | Found a shadowy altar of Dithmenos.
  6653 | D:6      | Found a blossoming altar of Fedhas.
  6834 | D:5      | Bought a scroll of fear for 52 gold pieces
  6834 | D:5      | Bought a scroll of identify for 30 gold pieces
  6834 | D:5      | Bought a scroll of identify for 30 gold pieces
  6956 | D:7      | You fall through a shaft for 2 floors!
  6956 | D:9      | Found a staircase to the Lair.
  6956 | D:9      | Noticed a troll
  7231 | D:7      | Slain by a killer bee

Vault maps used:
D:1:      minmay_arrival_four_houses
D:2:      lemuel_doored_altar
D:3:      lemuel_coloured_pillars_altar, lemuel_round_altar,
          nicolae_tso_carved_into_rock, first_ration
D:4:      fedhas_altar_2, okawaru_ov_weapons_minmay, minmay_temple_entry_trees,
          serial_bayou_lagoon_a
D:5:      serial_shops, shop, nicolae_shop_crystal, shop, minmay_holes,
          uniq_pikel
D:6:      mrwooster_statue_mirror, doesnt_xom_only_xom
D:7:      eat_drink_and_be_merry_uskayaw, grunt_ogre_cave, uniq_duvessa
D:8:      palyth_temple_overflow_mages
D:9:      kennysheep_six_static_rooms, lair_entry_dummy, serial_shops,
          nicolae_shop_temple_entry_statues_fountains, roderic_batcave
Temple:   nicolae_temple_x_marks_the_god

Skill      XL: |  1  2  3  4  5  6  7  8  9 |
---------------+----------------------------+-----
Stealth        | 6 7 8 9 10 11 | 11.5
Short Blades   | 3 5 6 |  6.5
Dodging        | 2 |  2.4
Fighting       | 3 4 5 6 |  6.0
Throwing       | |  2.6

Action                   |  1- 3 |  4- 6 |  7- 9 || total
-------------------------+-------+-------+-------++-------
Melee: Dagger            |    56 |   151 |   171 ||   378
       Constrict         |    14 |    30 |    26 ||    70
       Tentacles         |    10 |    26 |    46 ||    82
 Fire: Blowgun           |     8 |     9 |       ||    17
Throw: Throwing net      |       |       |     2 ||     2
Invok: Sacrifice Words   |       |       |     1 ||     1
  Use: Scroll            |       |     5 |     9 ||    14
 Stab: Sleeping          |    10 |    15 |    16 ||    41
       Held in net/web   |       |       |     1 ||     1
  Eat: Chunk             |       |     9 |     4 ||    13
       Ration            |       |       |     2 ||     2
Armor: Skin              |     4 |    10 |     7 ||    21
Dodge: Dodged            |    27 |    86 |    89 ||   202

Table legend:
 A = Spawn XP
 B = Non-spawn XP
 C = Spawn XP percentage of total XP
 D = Spawn monster count
 E = Non-spawn monster count
 F = Spawn count percentage of total count
 G = Total turns spent on level
                    A         B        C        D         E        F      G
               +---------+---------+-------+---------+---------+-------+---------
         Total |       0 |    2717 |   0.0 |       0 |     140 |   0.0 |  7231
               +---------+---------+-------+---------+---------+-------+---------
           D:1 |       0 |      62 |   0.0 |       0 |      31 |   0.0 |   990
           D:2 |       0 |     156 |   0.0 |       0 |      28 |   0.0 |  1077
           D:3 |       0 |     121 |   0.0 |       0 |      28 |   0.0 |  1221
           D:4 |       0 |     641 |   0.0 |       0 |      18 |   0.0 |  1659
           D:5 |       0 |    1185 |   0.0 |       0 |      21 |   0.0 |  1022
           D:6 |       0 |     290 |   0.0 |       0 |       8 |   0.0 |   909
           D:7 |       0 |     233 |   0.0 |       0 |       4 |   0.0 |   184
           D:8 |       0 |       1 |   0.0 |       0 |       1 |   0.0 |    12
           D:9 |       0 |      28 |   0.0 |       0 |       1 |   0.0 |   117
               +---------+---------+-------+---------+---------+-------+---------
